 Dungeon Crawl Stone Soup version 0.27.1-4-g1640c2035a (webtiles) character file.

Game seed: 17399462820019767266

1446 Johnny the Carver (level 9, -1/106 HPs)
             Began as a Human Berserker on Nov 1, 2021.
             Was an Elder of Trog.
             Killed from afar by a steam dragon (9 damage)
             ... with a ball of steam
             ... on level 6 of the Dungeon.
             The game lasted 00:04:44 (6069 turns).

Johnny the Carver (Human Berserker)                 Turns: 6069, Time: 00:04:45

Health: -1/106     AC: 10    Str: 21    XL:     9   Next: 4%
Magic:  9/9        EV: 10    Int:  8    God:    Trog [****..]
Gold:   212        SH:  0    Dex: 12    Spells: 8/8 levels left

rFire    . . .     SeeInvis .   v - +0 long sword
rCold    . . .     Faith    .   (no shield)
rNeg     . . .     Spirit   .   o - +3 scale mail
rPois    .         Reflect  .   t - +0 helmet
rElec    .         Harm     .   (no cloak)
rCorr    .         Rampage  .   (no gloves)
Will     .....                  (no boots)
Stlth    ..........             (no amulet)
HPRegen  0.27/turn              (no ring)
MPRegen  0.11/turn              (no ring)

@: berserking, very quick
A: no striking features
a: Renounce Religion, Berserk, Trog's Hand, Brothers in Arms


You were on level 6 of the Dungeon.
You worshipped Trog.
Trog was greatly pleased with you.
You visited 1 branch of the dungeon, and saw 6 of its levels.

You collected 212 gold pieces.

Inventory:

Hand Weapons
 a - a +0 falchion
 s - a +0 rapier of holy wrath
 v - a +0 long sword (weapon)
Armour
 o - a +3 scale mail (worn)
 t - a +0 helmet (worn)
Jewellery
 w - a ring of willpower
Wands
 h - a wand of acid (7)
 p - a wand of flame (22)
 u - a wand of paralysis (8)
Scrolls
 c - 7 scrolls of teleportation {unknown}
 d - 7 scrolls of identify {unknown}
 e - a scroll of noise {unknown}
 f - a scroll of enchant weapon {unknown}
 g - a scroll of summoning {unknown}
 i - a scroll of holy word {unknown}
 k - a scroll of enchant armour {unknown}
 l - a scroll of torment {unknown}
 x - a scroll of fog {unknown}
 y - a scroll of immolation {unknown}
Potions
 b - a potion of lignification {unknown}
 j - 2 potions of heal wounds {unknown}
 m - a potion of invisibility {unknown}
 n - a potion of degeneration {unknown}
 q - a potion of cancellation {unknown}
 r - a potion of curing
 z - a potion of ambrosia {unknown}


   Skills:
 - Level 6.5 Fighting
 * Level 9.3 Long Blades
 - Level 2.0 Armour
 - Level 2.0 Dodging


You had 8 spell levels left.
You didn't know any spells.
Your spell library was empty.

Dungeon Overview and Level Annotations

Branches:
Dungeon (6/15)             Temple (0/1) D:4

Altars:
Vehumet
Yredelemnul

Shops:
D:4 [


Message History

A centaur comes into view. It is wielding a +0 great mace.
The steam dragon bites you but does no damage.
The steam dragon closely misses you.
The centaur unwields a +0 great mace.
The centaur wields a +0 shortbow.
The centaur shoots an arrow.
The arrow hits you.
You are too injured to fight recklessly!
A red film seems to cover your vision as you go berserk!
You feel yourself moving faster!
You feel mighty! The steam dragon breathes steam at you.
The ball of steam hits you!!
The centaur shoots an arrow.
The arrow closely misses you.
You closely miss the steam dragon.
The steam dragon is moderately wounded.
The steam dragon breathes steam at you. The ball of steam hits you!
* * * LOW HITPOINT WARNING * * *
The centaur shoots an arrow.
The arrow hits you.
* * * LOW HITPOINT WARNING * * *
You closely miss the steam dragon.
The steam dragon is moderately wounded.
You are engulfed in a cloud of scalding steam.
The centaur shoots an arrow.
The arrow hits you but does no damage. The steam dragon bites you.
* * * LOW HITPOINT WARNING * * *
The steam dragon barely misses you.
You slash the steam dragon!
The steam dragon is severely wounded.
You are engulfed in a cloud of scalding steam.
* * * LOW HITPOINT WARNING * * *
The centaur shoots an arrow.
The arrow hits you.
* * * LOW HITPOINT WARNING * * *
Unknown command.
You are engulfed in a cloud of scalding steam.
* * * LOW HITPOINT WARNING * * *
You closely miss the steam dragon.
The steam dragon is severely wounded.
You are engulfed in a cloud of scalding steam.
The steam dragon breathes steam at you. The ball of steam hits you!
You die...

#....... #...c..# ##
######...... ...
#...<#...?.##..#
#....#.........#
#######....#.....#...#
#..........#.§.§..##...
#.....[....#.#§D.....#
#..........#.#@#..##.#
#..........#.#.#...#.
#######..............#
#....#.#.#.#####
#....#.#.....
#....#.####### #....#..
####.#.< #.#..#


You could see a steam dragon (catching breath) and a centaur.

Vanquished Creatures
  Eustachio (D:5)
  Duvessa (D:5)
  A necrophage (D:4)
  A black bear (D:5)
  An ice beast (D:6)
  An ogre (D:4)
  A centaur (D:5)
  A scorpion (D:5)
  Dowan (D:5)
  A water moccasin zombie (D:5)
  A water moccasin skeleton (D:4)
  A howler monkey (D:5)
  A centaur skeleton (D:6)
  A hound (D:4)
  3 orc wizards
  Ijyb (D:5)
  A hound zombie (D:5)
  A hound skeleton (D:4)
  Robin (D:1)
  4 gnolls
  12 adders
  A shadow imp (D:6)
  A white imp (D:5)
  2 worms
  5 dart slugs
  20 orcs
  6 ball pythons
  8 endoplasms
  4 giant cockroaches
  11 goblins
  14 hobgoblins
  6 jackals (D:1)
  3 quokkas
  6 bats
  3 frilled lizards (D:1)
  9 kobolds
  9 rats
145 creatures vanquished.

Notes
Turn   | Place    | Note
-------+----------+-------------------------------------------
     0 | D:1      | Johnny the Human Berserker began the quest for the Orb.
     0 | D:1      | Reached XP level 1. HP: 18/18 MP: 1/1
   187 | D:1      | Reached XP level 2. HP: 14/24 MP: 2/2
   649 | D:1      | Reached XP level 3. HP: 29/29 MP: 3/3
   976 | D:1      | Reached ** piety under Trog
  1373 | D:1      | Reached skill level 4 in Long Blades
  1824 | D:1      | Reached XP level 4. HP: 35/35 MP: 4/4
  2005 | D:2      | Found a basalt altar of Yredelemnul.
  2256 | D:2      | Noticed Robin
  2284 | D:1      | Killed Robin
  2503 | D:2      | Reached XP level 5. HP: 42/42 MP: 5/5
  2909 | D:3      | Reached skill level 5 in Long Blades
  2976 | D:3      | Reached *** piety under Trog
  3092 | D:4      | Reached XP level 6. HP: 39/49 MP: 6/6
  3571 | D:3      | Found a faded altar of an unknown god.
  3836 | D:4      | Noticed a necrophage
  3844 | D:4      | Killed a necrophage
  3845 | D:4      | Reached skill level 6 in Long Blades
  3845 | D:4      | Reached XP level 7. HP: 55/55 MP: 7/7
  3958 | D:4      | Found a staircase to the Ecumenical Temple.
  3958 | D:4      | Found Enlenwau's Antique Armour Boutique.
  3965 | D:4      | Reached skill level 5 in Fighting
  4740 | D:5      | Entered Level 5 of the Dungeon
  4993 | D:5      | Reached skill level 7 in Long Blades
  4993 | D:5      | Noticed Eustachio
  5003 | D:5      | Killed Eustachio
  5004 | D:5      | Reached XP level 8. HP: 63/63 MP: 8/8
  5043 | D:5      | Found a radiant altar of Vehumet.
  5163 | D:5      | Reached skill level 8 in Long Blades
  5168 | D:5      | Reached **** piety under Trog
  5447 | D:5      | Noticed Duvessa
  5457 | D:5      | Noticed Dowan
  5462 | D:5      | Killed Duvessa
  5465 | D:5      | Killed Dowan
  5792 | D:5      | Noticed Ijyb
  5803 | D:5      | Killed Ijyb
  5976 | D:6      | Reached skill level 9 in Long Blades
  5982 | D:6      | Reached XP level 9. HP: 71/71 MP: 9/9
  6069 | D:6      | Killed from afar by a steam dragon

Illustrated notes

Levels and vault maps discovered:
D:1:      dpeg_arrival_radiant, layout_basic, minmay_misc_feat_iff
D:2:      layout_rooms, basic_altar, dk_noncrumbling_4, hangedman_decor_points,
          uniq_robin
D:3:      layout_rooms, chequers_ecumenical_altar_lobes
D:4:      layout_basic, minmay_temple_entry_slanted, serial_glass,
          glass_columns_b, glass_columns_b, serial_shops, shop
D:5:      layout_rooms, lemuel_round_altar, grunt_decor_resistance, uniq_ijyb,
          uniq_eustachio, uniq_duvessa
D:6:      layout_basic, makhleb_heckhound_becter, serial_shops,
          nicolae_shop_behind_doors

Skill      XL: |  1  2  3  4  5  6  7  8 |
---------------+-------------------------+-----
Long Blades    | 4 5 6 7 9 |  9.3
Fighting       | 4 5 6 |  6.5
Armour         | |  2.0
Dodging        | |  2.0

Action                   |  1- 3 |  4- 6 |  7- 9 || total
-------------------------+-------+-------+-------++-------
Melee: Falchion          |    71 |   197 |   122 ||   390
       Rapier            |       |       |    58 ||    58
       Long sword        |       |       |    43 ||    43
Invok: Berserk           |     2 |     7 |    10 ||    19
       Trog's Hand       |       |     4 |     3 ||     7
  Use: Potion            |       |     2 |       ||     2
 Stab: Sleeping          |     1 |       |       ||     1
Armor: Animal skin       |    15 |       |       ||    15
       Ring mail         |     1 |    96 |    13 ||   110
       Scale mail        |       |       |    94 ||    94
Dodge: Dodged            |    53 |   128 |   142 ||   323
       Rpst.: Falchion   |    14 |    36 |    24 ||    74
       Long sword        |       |       |     5 ||     5
